 Seeded DCSS version 0.30.0-29-ga12c61a403 (webtiles) character file.

Game seed: 11795973205854487776 (custom seed)

67 OTABOTABOTAB the Conjurer (level 4, 24/24 HPs)
             Began as a Deep Elf Conjurer on June 24, 2023.
             Quit the game on level 2 of the Dungeon on June 25, 2023.
             The game lasted 00:02:08 (2004 turns).

OTABOTABOTAB the Conjurer (Deep Elf Conjurer)       Turns: 2004, Time: 00:02:08

Health: 24/24      AC:  3    Str:  4    XL:     4   Next: 0%
Magic:  11/11      EV: 13    Int: 25    God:
Gold:   144        SH:  0    Dex: 13    Spells: 7/10 levels left

rFire   . . .        g - +0 short sword
rCold   . . .        (no shield)
rNeg    . . .        a - +0 robe
rPois   .            (no helmet)
rElec   .            (no cloak)
rCorr   .            d - +0 pair of gloves
SInv    .            (no boots)
Will    .....        (no amulet)
Stlth   ++           (no ring)
HPRegen 0.24/turn    (no ring)
MPRegen 0.12/turn

%: no passive effects
@: no status effects
A: no striking features
a: no special abilities


You were on level 2 of the Dungeon.
You visited 1 branch of the dungeon, and saw 2 of its levels.

You collected 144 gold pieces.

Inventory:

Hand Weapons
 g - a +0 short sword (weapon)
   (You found it on level 1 of the Dungeon)
Missiles
 s - 18 stones
Armour
 a - a +0 robe (worn)
 d - a +0 pair of gloves (worn)
   (You found it on level 1 of the Dungeon)
Jewellery
 c - a +5 ring of evasion
   (You found it on level 2 of the Dungeon)
Scrolls
 b - a scroll of magic mapping {unknown}
 e - a scroll of vulnerability {unknown}
 i - a scroll of butterflies {unknown}
 k - a scroll of amnesia
 l - a scroll of blinking {unknown}
 m - a scroll of silence {unknown}
 E - a scroll of fear
 K - a scroll of immolation {!r}
Potions
 J - a potion of curing {@q1}
 L - a potion of flight
 M - a potion of magic


   Skills:
 + Level 3.3 Dodging
 + Level 3.4 Stealth
 + Level 3.9 Spellcasting
 + Level 4.9 Conjurations


You had 7 spell levels left.
You knew the following spells:

 Your Spells              Type           Power      Damage    Failure   Level
a - Magic Dart            Conj           100%       1d8       1%          1
b - Searing Ray           Conj           58%        2d6       1%          2

Your spell library contained the following spells:

 Spells                   Type           Power      Damage    Failure   Level
 Dazzling Flash           Conj/Hex       34%        N/A       10%         3
 Gell's Gravitas          Tloc           4%         N/A       28%         3
 Inner Flame              Hex/Fire       4%         N/A       28%         3
 Teleport Other           Tloc           4%         N/A       28%         3
 Flame Wave               Conj/Fire      17%        2d7       32%         4
 Fulminant Prism          Conj/Hex       8%         3d7       32%         4
 Iskenderun's Mystic Bla  Conj/Tloc      17%        2d5       32%         4
 Sticky Flame             Conj/Fire      17%        2d4       32%         4
 Dispersal                Tloc           2%         N/A       100%        6


Dungeon Overview and Level Annotations

Branches:
Dungeon (2/15)

Altars:

Shops:
D:2 [


Message History

The worm bites you!
You take 8 damage, and have 11/19 hp.
MASSIVE DAMAGE!!
You now have 7/10 mp.
The searing ray hits the worm.
The searing ray hits the dart slug!
You kill the dart slug!
A quokka comes into view.
The worm barely misses you.
You now have 6/10 mp.
The searing ray hits the worm.
The searing ray hits the ball python.
You kill the ball python!
You now have 5/10 mp.
The searing ray hits the worm.
The searing ray hits the adder.
You finish channelling your searing ray.
The worm closely misses you.
You now have 4/10 mp.
Press: ? - help, Shift-Dir - straight line The searing ray hits the worm!
You kill the worm!
The searing ray hits the adder. (Press . to maintain the ray.)
You now have 2/10 mp.
The searing ray misses the adder.
The adder closely misses you.
You now have 1/10 mp.
The searing ray hits the adder!
You kill the adder!
The searing ray misses the quokka.
The searing ray hits the quokka!
You kill the quokka!
You finish channelling your searing ray.
You now have 0/10 mp.
You start resting.
Health restored: 19; MP restored: 10 Unknown command.
As you read the scroll labelled JUASAE MYTSEA, it crumbles to dust.
It is a scroll of identify.
j - a potion of curing;
J - a potion of curing
As you read the scroll of identify {@r1}, it crumbles to dust.
h - a potion of flight;
L - a potion of flight
As you read the scroll of identify {@r1}, it crumbles to dust.
c - a scroll of fear;
E - a scroll of fear;
c - a +5 ring of evasion
As you read the scroll of identify {@r1}, it crumbles to dust.
f - a scroll of immolation;
K - a scroll of immolation
As you read the scroll of identify {@r1}, it crumbles to dust.
k - a scroll of amnesia
Things that are here:
a quokka corpse; an adder corpse You pick up a book of Flames and begin reading...
You add the spells Inner Flame, Sticky Flame and Flame Wave to your library.
Okay, then.
You see here a dart slug corpse.
Things that are here:
a quokka corpse; an adder corpse
There is an open door here.
A kobold comes into view. It is wielding a +0 short sword.
The kobold shouts!
The magic dart hits the kobold.
You now have 9/10 mp.
The magic dart hits the kobold but does no damage.
You now have 8/10 mp.
The magic dart hits the kobold but does no damage.
The kobold throws a stone.
The stone misses you.
You now have 7/10 mp.
The magic dart hits the kobold.
You kill the kobold!
You now have 6/10 mp.
No target in view!
No target in view!
s - 18 stones (gained 2)
You see here a +0 short sword.
e - a scroll labelled XARIMUTUGY MP restored: 10
Found Vusotaunu's Antique Armour Boutique.
No target in view!
An endoplasm comes into view.
An endoplasm is nearby!
The magic dart hits the endoplasm.
The endoplasm quivers.
You now have 9/10 mp.
The magic dart hits the endoplasm but does no damage.
You now have 8/10 mp.
The magic dart hits the endoplasm.
You now have 7/10 mp.
The magic dart hits the endoplasm.
You kill the endoplasm!
You have reached level 4!
You feel clever.
Health restored: 24 You now have 6/11 mp.
You now have 144 gold pieces (gained 11).
You open the door.
Found a stone staircase leading down.
MP restored: 11
There is an open door here.
There is a stone staircase leading down here.
There is an entrance to Vusotaunu's Antique Armour Boutique here.
Unknown command.
Bad channel name 'Jiyva says' for runrest: 'Jiyva says: Divide and consume' Welcome back, OTABOTABOTAB the Deep Elf Conjurer.
Game seed: 11795973205854487776 (custom seed)

.+......<...#.# ##..##
##......#####.# +.##
........'.....# ###
........####.## #########
......### ##.#. #.......# ..#.#.#
#....#+# # #.......#
....#.#####....#.#.# #.......#
.#..#..........#.#.# #.......####
.#.............#@#.# #...........
.#.##......##..≈.#.###...........
.........#####.≈.#...............
.#.###...# ###>#..##...........
.#.......# #.#...............
.#.#.#...# #.#..#............
.#.#.#...# #'#..#............
...#.....+ #....#........####
...###...# ###..#........#


There were no monsters in sight!

Vanquished Creatures
  2 adders (D:2)
  2 worms (D:2)
  2 dart slugs
  2 bats
  3 endoplasms
  A giant cockroach (D:1)
  A goblin (D:2)
  5 hobgoblins
  2 jackals (D:1)
  4 kobolds (D:2)
  3 quokkas
  7 ball pythons
  A frilled lizard (D:1)
  A rat (D:1)
36 creatures vanquished.

Notes
Turn   | Place    | Note
-------+----------+-------------------------------------------
     0 | D:1      | OTABOTABOTAB the Deep Elf Conjurer began the quest for the
                  | Orb.
     0 | D:1      | Reached XP level 1. HP: 10/10 MP: 6/6
   267 | D:1      | Reached XP level 2. HP: 15/15 MP: 2/8
   323 | D:1      | Learned a level 2 spell: Searing Ray
   507 | D:1      | Found a faded altar of an unknown god.
  1091 | D:1      | Reached skill level 3 in Dodging
  1091 | D:1      | Reached skill level 3 in Stealth
  1374 | D:2      | Reached XP level 3. HP: 19/19 MP: 7/10
  1946 | D:2      | Found Vusotaunu's Antique Armour Boutique.
  1952 | D:2      | Reached XP level 4. HP: 24/24 MP: 6/11
  2004 | D:2      | Quit the game

Illustrated notes

Levels and vault maps discovered:
D:1:      denvon_arrival_planthouse, layout_basic,
          dreamdust_ecumenical_altar_statues
D:2:      minmay_razor_zed, layout_basic, serial_shops,
          nicolae_shop_hallway_stairs, minmay_split_cup_small

Skill      XL: |  1  2 |
---------------+-------+-----
Dodging        | 3 |  3.3
Stealth        | 3 |  3.4
Spellcasting   | |  3.9
Conjurations   | |  4.9

Action                     |  1- 3 |  4- 6 || total
---------------------------+-------+-------++-------
  Melee: Short sword       |    10 |       ||    10
   Cast: Magic Dart        |    73 |       ||    73
         Searing Ray       |     2 |       ||     2
    Use: Scroll            |     5 |       ||     5
 Armour: Robe              |     2 |       ||     2
  Dodge: Dodged            |    16 |       ||    16

Levels and vault maps discovered:
D:1:      denvon_arrival_planthouse, layout_basic,
          dreamdust_ecumenical_altar_statues
D:2:      minmay_razor_zed, layout_basic, serial_shops,
          nicolae_shop_hallway_stairs, minmay_split_cup_small

Table legend: (Time is in decaauts)
 A = Elapsed time spent in this place.
 B = Non-inter-level travel time spent in this place.
 C = Inter-level travel time spent in this place.
 D = Time resting spent in this place.
 E = Time spent auto-exploring this place.
 F = Levels seen in this place.
 G = Mean time per level.
                   A        B        C        D        E       F      G
               +--------+--------+--------+--------+--------+-----+--------+
         Total |   2003 |   1975 |     28 |    209 |   1604 |   2 | 1001.5 |
       Dungeon |   2003 |   1975 |     28 |    209 |   1604 |   2 | 1001.5 |
               +--------+--------+--------+--------+--------+-----+--------+

Top non-repeatable levels by time:
     D:1: 1216 daAuts
     D:2: 786 daAuts

Table legend:
 A = Kills in this place as a percentage of kills in the entire game.
 B = Kills by you in this place as a percentage of kills by you in the entire game.
 C = Kills by friends in this place as a percentage of kills by friends in the entire game.
 D = Other kills in this place as a percentage of other kills in the entire game.
 E = Experience gained in this place as a percentage of experience gained in the entire game.
 F = Experience gained in this place divided by the number of levels of this place that you have seen.
                   A       B       C       D       E      F
               +-------+-------+-------+-------+-------+----------------------
         Total | 100.0 | 100.0 |   N/A |   N/A | 100.0 |  48.5
       Dungeon | 100.0 | 100.0 |   N/A |   N/A | 100.0 |  48.5
               +-------+-------+-------+-------+-------+----------------------
